 Dungeon Crawl Stone Soup version 0.25.0-1-g7eea58d2a3 (webtiles) character file.

Game seed: 13656185343069472065

(classic levelgen) 179121 EnegeticOcto the Peltast (level 18, -8/182 HPs)
             Began as a Formicid Fire Elementalist on June 14, 2020.
             Was the Champion of Wu Jian.
             Mangled by a shambling mangrove (15 damage)
             ... on level 4 of the Swamp.
             The game lasted 01:54:49 (44573 turns).

EnegeticOcto the Peltast (FoFE)                    Turns: 44573, Time: 01:54:50

Health: -8/182     AC: 26    Str: 19    XL:     18   Next: 90%
Magic:  31/34      EV: 15    Int: 18    God:    Wu Jian [******]
Gold:   1641       SH: 25    Dex: 13    Spells: 12/41 levels left

rFire    + + .     SeeInvis +   a - +7 short sword (vamp)
rCold    + . .     Gourm    .   P - +1 tower shield
rNeg     + . .     Faith    .   (armour currently unavailable)
rPois    ∞         Spirit   .   (helmet unavailable)
rElec    +         Reflect  +   w - scarf {rC+ rF+}
rCorr    .         Harm     .   (gloves currently unavailable)
MR       ++...                  (boots currently unavailable)
Stlth    +++++.....             d - amulet of reflection
HPRegen  0.40/turn              X - +4 ring of evasion
MPRegen  0.24/turn              T - ring "Byggit" {*Contam rF+ MR+ Str+3 Stlth+, =R}

@: statue-form, grasped by roots, constricted, serpent's lash, very slow
A: permanent stasis, dig shafts and tunnels, four strong arms, antennae 3
a: Dig, Shaft Self, End Transformation, Wall Jump, Serpent's Lash, Heavenly
Storm, Renounce Religion


You were on level 4 of the Swamp.
You worshipped Wu Jian.
Wu Jian was exalted by your worship.
You were not hungry.
You were a stone statue.
You visited 6 branches of the dungeon, and saw 30 of its levels.
You also visited: Gauntlet and Ice Cave.

You collected 3666 gold pieces.
You spent 2025 gold pieces at shops.

Inventory:

Hand Weapons
 a - a +7 vampiric short sword (weapon)
 b - a +2 demon blade of freezing
 m - the +11 plutonium sword {*Contam Stlth-}
   (You found it on level 2 of the Swamp)

   It causes magical contamination when unequipped.
   It makes you less stealthy.
 A - the +11 scimitar of the Elven Halls {vorpal, rC+ Str+2 Stlth+, unknown}
   (You found it on level 2 of the Swamp)

   It inflicts extra damage upon your enemies.
   It affects your strength (+2).
   It protects you from cold.
   It makes you more stealthy.
 Z - a +2 short sword of speed
Missiles
 c - 3 throwing nets (quivered) {!f}
 v - 2 curare-tipped darts
Armour
 w - a scarf of resistance (worn)
 B - a +2 pair of gloves of dexterity (melded)
 I - the +3 ring mail "Cyigesk" (melded) {rF+ rN+}
   (You found it on level 14 of the Dungeon)

   It protects you from fire.
   It protects you from negative energy.
 P - a +1 tower shield (worn)
 U - the +0 pair of boots "Yje Qod" (melded) {-Tele rN+ Dex+6 SInv}
   (You found it on level 1 of the Lair of Beasts)

   It affects your dexterity (+6).
   It protects you from negative energy.
   It lets you see invisible.
   It prevents most forms of teleportation.
Magical Staves
 E - an uncursed staff of wizardry
Jewellery
 d - an amulet of reflection (around neck)
 q - an uncursed ring of positive energy
 x - an uncursed amulet of magic regeneration
 L - an uncursed ring of flight
 T - the ring "Byggit" (right hand) {*Contam rF+ MR+ Str+3 Stlth+, =R}
   (You found it in an ice cave)

   [ring of protection from fire]

   It affects your strength (+3).
   It protects you from fire.
   It affects your resistance to hostile enchantments.
   It causes magical contamination when unequipped.
   It makes you more stealthy.
 X - a +4 ring of evasion (left hand)
Wands
 f - a wand of disintegration (36)
 g - a wand of digging (2) {@v3}
 o - a wand of paralysis (6)
 D - a wand of enslavement (11)
 F - a wand of flame (29) {@v4}
 N - a wand of acid (3) {@v1}
 S - a wand of iceblast (13) {@v2}
Scrolls
 t - 4 scrolls of magic mapping {@r5 !r}
 u - 14 scrolls of remove curse {@r2}
 y - 7 scrolls of fear {!r}
 O - 2 scrolls of brand weapon
 R - 2 scrolls of fog {!r}
 V - 4 scrolls of immolation
 W - a scroll of vulnerability
Potions
 j - a potion of resistance
 n - 9 potions of curing {@q1 !q}
 p - 6 potions of brilliance
 r - a potion of ambrosia
 s - 5 potions of might {@q3 !q}
 z - 2 potions of stabbing {@q5 !q}
 G - 7 potions of flight
 J - 4 potions of mutation
 K - 3 potions of lignification {@q6}
 M - a potion of heal wounds {@q2 !q}
 Q - 3 potions of invisibility
Miscellaneous
 h - a box of beasts
 k - a phial of floods
 l - a tin of tremorstones (1/3)
 Y - a lightning rod (inert)
Comestibles
 e - 26 rations


   Skills:
 - Level 12.0 Fighting
 + Level 12.6 Short Blades
   Level 3.1 Maces & Flails
 - Level 4.0 Armour
 + Level 4.2 Dodging
 + Level 8.7 Stealth
 - Level 15.0 Shields
 - Level 12.0 Spellcasting
 - Level 4.0 Conjurations
 - Level 8.0 Hexes
 + Level 9.6 Transmutations
 - Level 3.0 Fire Magic
 - Level 4.0 Air Magic
 - Level 13.0 Earth Magic
 - Level 12.0 Poison Magic
 + Level 7.7 Evocations


You had 12 spell levels left.
You knew the following spells:

 Your Spells              Type           Power        Failure   Level  Hunger
a - Poisonous Vapours     Pois/Air       #####.       1%          2    None
b - Mephitic Cloud        Conj/Pois/Air  ####....     1%          3    None
c - Confusing Touch       Hex            #####...     1%          3    None
d - Tukima's Dance        Hex            #####...     1%          3    None
e - Olgreb's Toxic Radia  Pois           ######..     1%          4    ##.....
f - Inner Flame           Hex/Fire       ####....     1%          3    None
g - Petrify               Tmut/Erth      ######..     1%          4    ##.....
i - Apportation           Tloc           ##....       6%          1    None
z - Statue Form           Tmut/Erth      ######...    10%         6    ######.

Your spell library contained the following spells:

 Spells                   Type           Power        Failure   Level  Hunger
 Corona                   Hex            #####..      1%          1    None
 Foxfire                  Conj/Fire      ###.         1%          1    None
 Magic Dart               Conj           ####         1%          1    None
 Sting                    Tmut/Pois      ####         1%          1    None
 Ensorcelled Hibernation  Hex/Ice        ####..       1%          2    None
 Searing Ray              Conj           ####..       1%          2    None
 Slow                     Hex            #####...     1%          2    None
 Dazzling Flash           Conj/Hex       ####..       1%          3    None
 Ignite Poison            Fire/Tmut/Pois #####...     1%          3    None
 Stone Arrow              Conj/Erth      #####.       1%          3    None
 Lee's Rapid Deconstruct  Erth           ######....   1%          5    ####...
 Static Discharge         Conj/Air       ####....     3%          3    None
 Summon Guardian Golem    Hex/Summ       ####....     3%          3    None
 Conjure Flame            Conj/Fire      ###.....     4%          3    None
 Yara's Violent Unravell  Hex/Tmut       #####.....   4%          5    ####...
 Fulminant Prism          Conj/Hex       ####......   5%          4    ##.....
 Summon Small Mammal      Summ           ##..         6%          1    None
 Call Imp                 Summ           ##......     10%         2    None
 Bolt of Magma            Conj/Fire/Erth ####......   12%         5    ####...
 Sticky Flame             Conj/Fire      ###.....     16%         4    ##.....
 Call Canine Familiar     Summ           ##......     19%         3    None
 Gell's Gravitas          Tloc           ##........   19%         3    None
 Recall                   Summ/Tloc      N/A          19%         3    None
 Iskenderun's Mystic Bla  Conj/Tloc      ###.....     28%         4    ##.....
 Summon Lightning Spire   Summ/Air       ###.....     28%         4    ##.....
 Metabolic Englaciation   Hex/Ice        ####......   34%         5    ####...
 Fireball                 Conj/Fire      ###.......   38%         5    ####...
 Summon Ice Beast         Ice/Summ       ##......     54%         4    ##.....
 Blink                    Tloc           Unusable     N/A         2    N/A
 Controlled Blink         Tloc           Unusable     N/A         8    N/A

Dungeon Overview and Level Annotations

Branches:
Dungeon (15/15)            Temple (1/1) D:7            Lair (6/6) D:9
  Swamp (4/4) Lair:2       Spider (2/4) Lair:3        Slime (0/5) Lair:5
    Orc (2/2) D:12            Elf (0/3) Orc:2        Vaults (0/5) D:13
 Depths (0/5) D:15          IceCv (visited)         Gauntlet (visited)

Altars:
Ashenzari
Cheibriados
Elyvilon
Fedhas
Gozag
Makhleb
Okawaru
Qazlal
Ru
Sif Muna
Trog
Vehumet
Wu Jian
Xom
Yredelemnul
Beogh
Jiyva

Shops:
D:12 (   D:15 ?   Orc:1 ([   Orc:2 [[(:

Annotations:
Lair:4 exclusion: lindwurm
Spider:2 1 runed translucent door, Vubreenic's ghost, adept CeHu


Innate Abilities, Weirdness & Mutations

You cannot be hasted, slowed, berserked, paralysed or teleported.
You can dig through walls and to a lower floor.
Your four strong arms can wield two-handed weapons with a shield.
You have a pair of large antennae on your head. (SInv)


Message History

Casting: Statue Form (dangerous; 10% risk of failure)
Confirm with . or Enter, or press ? or * to list all spells.
You extend your transformation's duration.
The swamp drake breathes noxious fumes at you.
The noxious blast engulfs you but does no damage.
You block the swamp drake's attack.
You block the shambling mangrove's attack.
The swamp drake barely misses you.
The swamp drake breathes noxious fumes at you.
The noxious blast misses you.
You spin and attack the swamp drake repeatedly.
You puncture the swamp drake!
The swamp drake is moderately wounded.
You puncture the swamp drake!
You feel better.
The swamp drake is almost dead.
You puncture the swamp drake!
You feel better.
You kill the swamp drake!
The Council accepts your kill.
The swamp drake breathes noxious fumes at you.
The noxious blast engulfs you but does no damage.
You block the shambling mangrove's attack.
You block the swamp drake's attack.
You spin and attack the swamp drake repeatedly.
You puncture the swamp drake!
The swamp drake is almost dead.
You puncture the swamp drake!
You feel better.
You kill the swamp drake!
The Council accepts your kill.
You spin and attack the shambling mangrove repeatedly.
You puncture the shambling mangrove!
The shambling mangrove is severely damaged.
You hit the shambling mangrove.
The shambling mangrove is severely damaged.
You spin and attack the swamp drake repeatedly.
You hit the swamp drake.
You feel better.
The swamp drake is severely wounded.
You closely miss the swamp drake.
The swamp drake is severely wounded.
You hit the swamp drake but do no damage.
The swamp drake is severely wounded.
You block the swamp drake's attack. The swamp drake completely misses you.
You block the shambling mangrove's attack.
You hit the shambling mangrove but do no damage.
The shambling mangrove is severely damaged.
You block the swamp drake's attack.
You hit the shambling mangrove.
The shambling mangrove is severely damaged.
Roots burst forth from the earth!
The grasping roots grab you! The grasping roots constrict you!
The swamp drake bites you.
You barely miss the shambling mangrove.
The shambling mangrove is severely damaged.
You block the shambling mangrove's attack.
The grasping roots constrict you!
Evoke which item? (* to show all) (? for menu, Esc to quit)
Aiming: Thunderbolt
Press: ? - help, Shift-Dir - straight line, f - shambling mangrove
Aim: a shambling mangrove (severely damaged)
The thunderbolt hits the shambling mangrove!
The shambling mangrove is severely damaged.
You hear a roar! x2
You block the swamp drake's attack.
You block the shambling mangrove's attack.
The grasping roots constrict you. The swamp drake bites you.
Evoke which item? (* to show all) (? for menu, Esc to quit)
Aiming: Thunderbolt
Press: ? - help, Shift-Dir - straight line, f/p - shambling mangrove
Aim: a shambling mangrove (severely damaged)
The thunderbolt hits the shambling mangrove!
The shambling mangrove is almost destroyed.
The swamp drake breathes noxious fumes at you.
The noxious blast engulfs you but does no damage.
You block the shambling mangrove's attack.
* * * LOW HITPOINT WARNING * * *
The grasping roots constrict you!!
Evoke which item? (* to show all) (? for menu, Esc to quit)
Aiming: Thunderbolt
Press: ? - help, Shift-Dir - straight line, f/p - shambling mangrove
Aim: a shambling mangrove (noxious fumes, almost destroyed)
The thunderbolt hits the shambling mangrove!
The shambling mangrove is almost destroyed.
The lightning rod overheats!
You hear a roar!
You block the swamp drake's attack. The shambling mangrove hits you.
* * * LOW HITPOINT WARNING * * *
x2 The grasping roots constrict you!
You block the swamp drake's attack.
Really quaff
M - 2 potions of heal wounds {@q2 !q}?
You feel much better.
You block the shambling mangrove's attack.
* * * LOW HITPOINT WARNING * * *
The grasping roots constrict you! You block the swamp drake's attack.
Your muscles tense, ready for explosive movement...
The roots' grasp on you weakens, but your attempt to escape fails.
The swamp drake breathes noxious fumes at you.
The noxious blast engulfs you but does no damage.
The shambling mangrove hits you!
* * * LOW HITPOINT WARNING * * *
x2 The grasping roots constrict you!
You block the swamp drake's attack.
You block the shambling mangrove's attack.
You die...

♣.≈≈≈≈≈≈≈.≈.≈.♣
♣♣♣≈♣≈≈≈≈≈.
♣♣♣≈≈≈≈≈≈≈.♣..♣
♣♣♣.≈≈..≈ ♣♣.≈≈≈≈≈≈≈..♣
....♣♣ ♣♣.≈≈≈≈≈....♣
♣≈♣♣ ≈≈.♣≈.≈≈≈≈.♣♣..♣♣♣♣
♣♣ ≈≈≈≈.<§≈≈≈≈≈≈.≈≈≈≈≈♣♣
≈≈≈≈..≈≈≈≈≈≈..≈≈≈≈≈≈♣♣♣
≈≈≈#####..≈.?○○f≈≈≈≈≈§§♣
.. #♣♣♣♣♣k8○.≈≈≈≈♣♣ ♣ {
♣♣○○♣♣†≈)♣ ♣♣.♣ ♣♣≈≈k


{{{{ ♣♣♣ ♣≈ { You could see a shambling mangrove and a swamp drake (catching
breath).

Vanquished Creatures
  Arachne (Spider:2)
  Frances (Swamp:1)
  Kirke (Lair:6)
  3 thorn hunters
  Roxanne (D:14)
  The ghost of Ypsiuj the Thaumaturge, an adept GnSk of Makhleb (Swamp:2)
  A frost giant (IceCv)
  An orc warlord (Orc:2)
  2 entropy weavers (Spider:2)
  The ghost of Elizilla the Grappler, a journeyman TrMo of Uskayaw (Lair:1)
  Snorg (Lair:3)
  A death ooze (Lair:2)
  A yaktaur captain (D:15)
  An ice dragon (D:12)
  A catoblepas (D:11)
  A ghost crab (Swamp:2)
  22 hydras
  A vault guard (D:13)
  11 two-headed ogres
  3 shambling mangroves
  2 centaur warriors
  An ogre mage (D:15)
  6 death yaks
  3 tengu warriors
  A death scarab (Gauntlet)
  3 orc high priests (Orc:2)
  The ghost of Tali the Cleaver, a novice DsBe of Trog (Lair:2)
  13 alligators
  3 spriggan druids
  4 swamp dragons
  An unseen horror (D:13)
  2 wizards (D:13)
  A deep elf archer (D:13)
  A deep elf mage (D:14)
  A spectral hydra (Gauntlet)
  6 orc knights
  15 orb spiders
  2 necromancers (D:13)
  18 wolf spiders
  3 oklob plants
  7 orc sorcerers
  4 manticores (D:14)
  The ghost of Acheron the Sneak, a novice OpWn of Okawaru (D:8)
  A moth of wrath (D:8)
  An apocalypse crab (Gauntlet)
  36 spiny frogs
  A black mamba (Lair:5)
  A torpor snail (Spider:1)
  Maggie (D:6)
  5 komodo dragons
  A yaktaur (D:15)
  3 demonic crawlers
  4 kobold demonologists (D:14)
  7 rime drakes
  11 tyrant leeches
  A troll (shapeshifter) (D:14)
  7 trolls
  20 jumping spiders
  21 polar bears
  12 hornets
  22 blink frogs
  18 slime creatures
  5 bog bodies
  13 hippogriffs
  2 shadows
  18 tarantellas
  8 spriggans
  2 wraiths (D:14)
  2 hogs (Lair:6)
  20 humans (D:13)
  2 wyverns
  25 redbacks
  34 yaks
  2 hungry ghosts (D:10)
  6 basilisks
  33 vampire mosquitoes
  7 swamp worms
  A soldier ant (D:15)
  12 insubstantial wisps
  A soldier ant (shapeshifter) (D:14)
  3 wargs
  7 water moccasins
  An acid dragon (D:14)
  Duvessa (D:6)
  9 porcupines
  2 black bears
  34 orc warriors
  A meliai simulacrum (Gauntlet)
  19 swamp drakes
  5 eyes of draining
  An ice beast (D:12)
  2 necrophages
  6 sky beasts
  4 phantoms
  16 ogres
  14 wolves
  7 centaurs
  8 big kobolds
  11 crocodiles
  25 bullfrogs
  Dowan (D:6)
  A wyvern skeleton (D:12)
  A hornet simulacrum (Gauntlet)
  5 scorpions
  15 killer bees
  3 wights (D:8)
  6 howler monkeys
  5 electric eels
  A bullfrog zombie (D:5)
  9 crimson imps
  A wyvern simulacrum (Gauntlet)
  3 centaur zombies
  4 bullfrog skeletons
  14 orc priests
  9 hounds
  10 jellies
  34 orc wizards
  6 centaur skeletons
  6 iguanas
  Natasha (thrice) (D:4)
  14 worker ants
  2 centaur simulacra
  2 hound skeletons
  5 gnolls
  A worker ant zombie (D:8)
  A howler monkey skeleton (D:8)
  16 adders
  5 shadow imps
  An ooze (D:3)
  2 adder skeletons (D:5)
  An adder zombie (D:6)
  3 worms
  4 dart slugs
  5 leopard geckos
  89 orcs
  5 giant cockroaches
  6 goblins
  8 hobgoblins
  5 jackals
  4 quokkas
  8 bats
  2 frilled lizards
  A jackal skeleton (D:4)
  34 kobolds
  A quokka skeleton (D:7)
  5 rats
  2 plants
1066 creatures vanquished.

Vanquished Creatures (collateral kills)
  A black mamba (Lair:1)
1 creature vanquished.

Vanquished Creatures (others)
  A hydra (Swamp:4)
  4 polar bears (IceCv)
  2 hornets
  A spriggan (Swamp:2)
  A human (Lair:6)
  A yak (IceCv)
  2 insubstantial wisps (Swamp:4)
  A swamp worm (Swamp:2)
  A swamp drake (Swamp:2)
  5 wolves (IceCv)
  A worker ant (D:12)
  A kobold (D:10)
  3 briar patches (Swamp:2)
  215 foxfires
  28 fungi
  54 plants
  11 withered plants (Gauntlet)
332 creatures vanquished.

Grand Total: 1399 creatures vanquished

Notes
Turn   | Place    | Note
-------+----------+-------------------------------------------
     0 | D:1      | EnegeticOcto the Formicid Fire Elementalist began the quest
                  | for the Orb.
     0 | D:1      | Reached XP level 1. HP: 13/13 MP: 3/3
   234 | D:1      | Reached skill level 1 in Fighting
   235 | D:1      | Reached XP level 2. HP: 21/21 MP: 0/5
   236 | D:1      | Reached skill level 1 in Maces & Flails
  1353 | D:2      | Reached XP level 3. HP: 27/27 MP: 3/6
  1445 | D:2      | Reached skill level 2 in Fighting
  1583 | D:2      | Reached skill level 2 in Maces & Flails
  1678 | D:2      | Reached XP level 4. HP: 34/34 MP: 3/7
  1940 | D:2      | Found a blossoming altar of Fedhas.
  2001 | D:2      | Reached skill level 3 in Fighting
  2314 | D:2      | Reached XP level 5. HP: 36/41 MP: 3/8
  2706 | D:3      | Reached skill level 3 in Maces & Flails
  2938 | D:3      | Reached skill level 1 in Conjurations
  3313 | D:3      | Reached skill level 3 in Stealth
  3313 | D:3      | Reached XP level 6. HP: 24/48 MP: 0/9
  3609 | D:3      | Reached skill level 1 in Short Blades
  3682 | D:3      | Reached skill level 4 in Fighting
  4252 | D:3      | Reached skill level 2 in Conjurations
  4358 | D:4      | HP: 2/48 [orc wizard/magic dart (9)]
  4365 | D:4      | Reached skill level 2 in Short Blades
  4683 | D:4      | Reached skill level 4 in Stealth
  4683 | D:4      | Reached XP level 7. HP: 54/54 MP: 10/10
  5044 | D:4      | Found a bloodstained altar of Trog.
  5102 | D:3      | Reached skill level 3 in Short Blades
  5145 | D:3      | Reached skill level 5 in Stealth
  5145 | D:3      | Reached skill level 3 in Conjurations
  5259 | D:4      | Noticed Natasha
  5270 | D:4      | Killed Natasha
  5270 | D:4      | Reached XP level 8. HP: 47/60 MP: 11/11
  5340 | D:4      | Noticed Natasha
  5353 | D:4      | Killed Natasha
  5370 | D:4      | Noticed Natasha
  5385 | D:4      | Killed Natasha
  5537 | D:5      | Entered Level 5 of the Dungeon
  5594 | D:4      | Reached skill level 4 in Short Blades
  5594 | D:4      | Reached skill level 6 in Stealth
  5730 | D:5      | Reached skill level 4 in Conjurations
  5830 | D:5      | Noticed a two-headed ogre
  5893 | D:4      | Reached skill level 5 in Short Blades
  5930 | D:5      | Killed a two-headed ogre
  5930 | D:5      | Reached skill level 6 in Short Blades
  5930 | D:5      | Reached skill level 3 in Armour
  5930 | D:5      | Reached skill level 3 in Evocations
  5930 | D:5      | Reached XP level 9. HP: 65/65 MP: 12/12
  6300 | D:5      | Reached skill level 4 in Armour
  6300 | D:5      | Reached skill level 4 in Evocations
  6670 | D:5      | Learned a level 2 spell: Poisonous Vapours
  6714 | D:5      | Reached skill level 1 in Poison Magic
  6999 | D:6      | Noticed Duvessa
  7001 | D:6      | Noticed Dowan
  7007 | D:6      | Killed Duvessa
  7007 | D:6      | Reached skill level 2 in Poison Magic
  7032 | D:6      | Killed Dowan
  7047 | D:6      | You fall into a shaft and drop 2 floors!
  7104 | D:8      | Reached skill level 5 in Evocations
  7404 | D:8      | Found a transporter.
  7410 | D:8      | Identified the +10 flail "Rioraf" {antimagic, rF+ Str+5
                  | Dex-2}
  7410 | D:8      | Noticed a tengu warrior
  7410 | D:8      | Noticed a moth of wrath
  7411 | D:8      | Found a bloodstained altar of Trog.
  7411 | D:8      | Found a transporter.
  7411 | D:8      | Noticed Acheron's ghost (novice OpWn)
  7414 | D:8      | Noticed a troll
  7440 | D:8      | Reached skill level 3 in Poison Magic
  7465 | D:8      | Reached skill level 7 in Short Blades
  7536 | D:8      | Noticed a tengu warrior
  7589 | D:8      | Reached XP level 10. HP: 71/71 MP: 14/14
  7637 | D:8      | Reached skill level 4 in Poison Magic
  7858 | D:7      | Reached skill level 1 in Shields
  8195 | D:6      | Reached skill level 6 in Evocations
  8243 | D:6      | Reached skill level 2 in Shields
  8243 | D:6      | Reached skill level 5 in Poison Magic
  8542 | D:6      | Noticed Maggie
  8580 | D:6      | Killed Maggie
  8580 | D:6      | Reached skill level 6 in Poison Magic
  8784 | D:6      | Found a snail-covered altar of Cheibriados.
  8795 | D:6      | Learned a level 3 spell: Mephitic Cloud
  8840 | D:6      | Reached skill level 8 in Short Blades
  9500 | D:7      | Found a staircase to the Ecumenical Temple.
  9515 | Temple   | Entered the Ecumenical Temple
  9537 | Temple   | Became a worshipper of the Wu Jian Council
  9864 | D:7      | Reached skill level 1 in Air Magic
 10505 | D:8      | Killed a tengu warrior
 10505 | D:8      | Reached skill level 3 in Spellcasting
 10533 | D:8      | Reached skill level 7 in Poison Magic
 10811 | D:8      | Reached skill level 5 in Fighting
 10811 | D:8      | Reached skill level 2 in Air Magic
 10896 | D:9      | Reached XP level 11. HP: 79/79 MP: 16/16
 11504 | D:9      | Found a staircase to the Lair.
 11558 | D:9      | Got a bloodstained war axe
 11583 | D:9      | Reached skill level 4 in Spellcasting
 11930 | D:9      | Learned a level 3 spell: Confusing Touch
 11942 | D:10     | Entered Level 10 of the Dungeon
 11960 | D:10     | Reached * piety under Wu Jian
 11962 | D:10     | Reached skill level 3 in Air Magic
 11986 | D:10     | Reached skill level 1 in Hexes
 12001 | D:10     | Reached skill level 9 in Short Blades
 12001 | D:10     | Reached skill level 8 in Poison Magic
 12015 | D:10     | Reached skill level 6 in Fighting
 12159 | D:10     | Reached skill level 2 in Hexes
 12734 | D:10     | Reached ** piety under Wu Jian
 13107 | D:10     | Noticed a tengu warrior
 13126 | D:10     | Killed a tengu warrior
 13126 | D:10     | Reached skill level 3 in Hexes
 13380 | D:10     | Identified the +7 war axe "Dikuth" {vorpal, rPois} (You
                  | found it on level 9 of the Dungeon)
 13423 | Lair:1   | Entered Level 1 of the Lair of Beasts
 13545 | Lair:1   | Reached skill level 3 in Shields
 13545 | Lair:1   | Reached skill level 4 in Air Magic
 13629 | Lair:1   | Reached skill level 4 in Hexes
 13652 | Lair:1   | Reached skill level 7 in Fighting
 13823 | Lair:1   | Reached XP level 12. HP: 60/91 MP: 18/18
 14178 | Lair:1   | Reached skill level 4 in Shields
 14538 | Lair:1   | Reached skill level 5 in Hexes
 14940 | Lair:1   | Found a runed translucent gate.
 14942 | Lair:1   | Found a runed translucent gate.
 14942 | Lair:1   | Noticed a nine-headed hydra
 14943 | Lair:1   | Found a runed translucent gate.
 14943 | Lair:1   | Noticed a ten-headed hydra
 14943 | Lair:1   | Noticed Elizilla's ghost (journeyman TrMo)
 15373 | Lair:2   | Reached skill level 10 in Short Blades
 15452 | Lair:2   | Reached skill level 5 in Shields
 15463 | Lair:2   | Found a runed translucent gate.
 15463 | Lair:2   | Found a runed translucent gate.
 15463 | Lair:2   | Found a runed translucent gate.
 15894 | Lair:2   | Reached skill level 6 in Hexes
 16169 | Lair:2   | Noticed a death yak
 16170 | Lair:2   | Noticed a death yak
 16170 | Lair:2   | Noticed a death yak
 16170 | Lair:2   | Noticed a death yak
 16173 | Lair:2   | Noticed a death yak
 16185 | Lair:2   | Killed a death yak
 16191 | Lair:2   | Killed a death yak
 16191 | Lair:2   | Reached skill level 6 in Shields
 16237 | Lair:2   | Killed a death yak
 16525 | Lair:2   | Noticed a death ooze
 16525 | Lair:2   | Noticed Tali's ghost (novice DsBe)
 16527 | Lair:2   | Found a viscous altar of Jiyva.
 16931 | Lair:2   | Killed a death yak
 16931 | Lair:2   | Reached skill level 7 in Hexes
 16944 | Lair:2   | Killed a death yak
 17306 | Lair:3   | Learned a level 3 spell: Tukima's Dance
 17311 | Lair:3   | Learned a level 4 spell: Olgreb's Toxic Radiance
 17373 | Lair:3   | Reached skill level 7 in Shields
 17564 | Lair:3   | Found a hole to the Spider Nest.
 17564 | Lair:3   | Noticed Snorg
 17594 | Lair:3   | Killed Snorg
 17596 | Lair:3   | Noticed an eight-headed hydra
 17725 | Lair:3   | Learned a level 3 spell: Inner Flame
 17764 | Lair:3   | Killed an eight-headed hydra
 17968 | Lair:3   | Reached XP level 13. HP: 65/96 MP: 14/20
 18073 | Lair:3   | Reached skill level 11 in Short Blades
 18073 | Lair:3   | Reached skill level 8 in Hexes
 18243 | Lair:3   | Reached skill level 5 in Spellcasting
 18727 | Lair:4   | Reached skill level 8 in Shields
 18864 | Lair:4   | Reached *** piety under Wu Jian
 20109 | Lair:5   | Reached skill level 6 in Spellcasting
 20160 | Lair:5   | Reached skill level 9 in Shields
 20618 | Lair:5   | Found a viscous altar of Jiyva.
 20618 | Lair:5   | Found a staircase to the Slime Pits.
 21184 | Lair:5   | Learned a level 4 spell: Petrify
 21188 | Lair:6   | Entered Level 6 of the Lair of Beasts
 21340 | Lair:5   | Reached skill level 1 in Earth Magic
 21341 | Lair:5   | Reached skill level 1 in Transmutations
 21788 | Lair:6   | Reached skill level 9 in Poison Magic
 21847 | Lair:6   | Reached skill level 12 in Short Blades
 21994 | Lair:6   | Reached skill level 2 in Earth Magic
 22099 | Lair:6   | Reached skill level 2 in Transmutations
 22323 | Lair:6   | Noticed Kirke
 22345 | Lair:6   | Reached **** piety under Wu Jian
 22393 | Lair:6   | Reached skill level 7 in Spellcasting
 22420 | Lair:6   | Reached XP level 14. HP: 103/103 MP: 5/24
 22435 | Lair:6   | Killed Kirke
 22435 | Lair:6   | Reached skill level 3 in Earth Magic
 22435 | Lair:6   | Reached skill level 10 in Poison Magic
 22569 | Lair:5   | Reached skill level 3 in Transmutations
 22900 | Lair:6   | Reached skill level 4 in Earth Magic
 22978 | Lair:6   | Reached skill level 10 in Shields
 23107 | Lair:6   | Reached skill level 4 in Transmutations
 23107 | Lair:6   | Reached skill level 11 in Poison Magic
 25003 | D:11     | Reached skill level 5 in Earth Magic
 25056 | D:11     | Found a gate leading to a gauntlet.
 25069 | Gauntlet | Entered a Gauntlet
 25069 | Gauntlet | Found a transporter.
 25069 | Gauntlet | Found a transporter.
 25070 | Gauntlet | Found a transporter.
 25072 | Gauntlet | Found a transporter.
 25073 | Gauntlet | Found a transporter.
 25087 | Gauntlet | Found a transporter.
 25088 | Gauntlet | Found a transporter.
 25103 | Gauntlet | Found a transporter.
 25103 | Gauntlet | Found a transporter.
 25103 | Gauntlet | Noticed an entropy weaver
 25121 | Gauntlet | Found a transporter.
 25125 | Gauntlet | Found a transporter.
 25135 | Gauntlet | Found a transporter.
 25582 | Gauntlet | Got a glimmering troll leather armour
 25593 | Gauntlet | Identified the +0 troll leather armour of Rablekamp {Regen+
                  | Dex+3} (You found it in a Gauntlet)
 25634 | Gauntlet | Noticed a minotaur
 25660 | Gauntlet | Identified the Incunabulum of Boosting Ignition
 25991 | D:11     | Found a viscous altar of Jiyva.
 26011 | D:11     | Reached skill level 8 in Spellcasting
 26374 | D:11     | Got a clouded ivory ring
 26566 | D:12     | Found a staircase to the Orcish Mines.
 26709 | D:12     | Identified the ring "Rareq" {rF+ Dex+3} (You found it on
                  | level 11 of the Dungeon)
 26844 | D:12     | Found Iseququq's Weapon Emporium.
 26937 | D:12     | Reached skill level 5 in Transmutations
 26948 | D:12     | Reached skill level 12 in Poison Magic
 26980 | D:12     | Reached ***** piety under Wu Jian
 27056 | D:12     | Found a frozen archway.
 27155 | IceCv    | Entered an ice cave
 27168 | IceCv    | Reached skill level 6 in Earth Magic
 27792 | IceCv    | Reached skill level 11 in Shields
 27792 | IceCv    | Reached XP level 15. HP: 108/108 MP: 23/27
 27890 | IceCv    | Reached skill level 6 in Transmutations
 28132 | IceCv    | Noticed a frost giant
 28136 | IceCv    | Reached skill level 7 in Earth Magic
 28138 | IceCv    | Killed a frost giant
 28168 | IceCv    | Got a sparkling marble ring
 28258 | IceCv    | Identified the ring "Byggit" {*Contam rF+ MR+ Str+3 Stlth+}
                  | (You found it in an ice cave)
 29158 | Orc:1    | Entered Level 1 of the Orcish Mines
 29248 | Orc:1    | Found Goguul's Armour Shop.
 29251 | Orc:1    | Reached skill level 7 in Transmutations
 29342 | Orc:1    | Found Evynieka's Antique Weapon Boutique.
 29541 | Orc:1    | Reached skill level 8 in Earth Magic
 30023 | Orc:1    | Found a roughly hewn altar of Beogh.
 30036 | Orc:1    | You fall into a shaft and drop 1 floor!
 30036 | Orc:2    | Entered Level 2 of the Orcish Mines
 30181 | Orc:1    | Reached skill level 12 in Shields
 30401 | Orc:2    | Noticed an orc warlord
 30422 | Orc:2    | Killed an orc warlord
 30422 | Orc:2    | Reached skill level 8 in Transmutations
 30449 | Orc:2    | Reached skill level 9 in Earth Magic
 30478 | Orc:2    | Found a staircase to the Elven Halls.
 30550 | Orc:2    | Found Wuilipn's Antique Armour Shoppe.
 30550 | Orc:2    | Found Taghethra's Antique Armour Shoppe.
 30551 | Orc:2    | Found Buwaegh's Book Shop.
 30551 | Orc:2    | Found Iplit's Antique Weapon Shop.
 30999 | Orc:2    | Bought a heavily runed ring mail for 243 gold pieces
 30999 | Orc:2    | Identified the cursed +0 ring mail of Pupuall Gidu {rF-
                  | Str+5} (You bought it in a shop on level 2 of the Orcish
                  | Mines)
 31003 | Orc:2    | Bought a glowing demon blade for 630 gold pieces
 31175 | Orc:1    | Bought a scarf of resistance for 512 gold pieces
 31175 | Orc:1    | Bought a +2 pair of gloves of dexterity for 344 gold pieces
 31760 | D:13     | Reached skill level 2 in Dodging
 31803 | D:13     | Found a gate to the Vaults.
 31817 | D:13     | Reached ****** piety under Wu Jian
 31820 | D:13     | Reached XP level 16. HP: 100/115 MP: 14/28
 31821 | D:13     | Reached skill level 13 in Shields
 32184 | D:13     | Reached skill level 7 in Stealth
 32192 | D:13     | Reached skill level 10 in Earth Magic
 32798 | D:14     | Identified the +3 ring mail "Cyigesk" {rF+ rN+} (You found
                  | it on level 14 of the Dungeon)
 33581 | D:14     | Reached skill level 3 in Dodging
 33769 | D:14     | Identified Roxanne's Tome of the Rocks
 33769 | D:14     | Noticed Roxanne
 34078 | D:14     | Killed Roxanne
 34088 | D:14     | Learned a level 6 spell: Statue Form
 34399 | D:15     | Entered Level 15 of the Dungeon
 34399 | D:15     | Found Sizoe's Magic Scroll Boutique.
 34498 | D:15     | Bought a scroll of magic mapping for 56 gold pieces
 34498 | D:15     | Bought a scroll of vulnerability for 120 gold pieces
 34498 | D:15     | Bought a scroll of enchant armour for 120 gold pieces
 34539 | D:15     | Reached skill level 8 in Fighting
 34868 | D:15     | Found a staircase to the Depths.
 35632 | Spider:1 | Entered Level 1 of the Spider Nest
 35944 | Spider:1 | Reached skill level 9 in Transmutations
 35986 | Spider:1 | Reached skill level 9 in Spellcasting
 36223 | Spider:1 | Reached skill level 14 in Shields
 36223 | Spider:1 | Reached skill level 11 in Earth Magic
 36597 | Spider:1 | Reached XP level 17. HP: 119/124 MP: 23/30
 37889 | Spider:2 | Noticed Arachne
 37906 | Spider:2 | Reached skill level 9 in Fighting
 37946 | Spider:2 | Killed Arachne
 37946 | Spider:2 | Reached skill level 12 in Earth Magic
 38296 | Spider:2 | Found a runed translucent door.
 38296 | Spider:2 | Noticed Vubreenic's ghost (adept CeHu)
 38948 | D:8      | Reached skill level 15 in Shields
 39035 | D:8      | Killed Acheron's ghost
 39309 | Lair:1   | Killed Elizilla's ghost
 39314 | Lair:1   | Identified the +6 scimitar of Disulej {freeze, rElec Dex+4}
                  | (You found it on level 1 of the Lair of Beasts)
 39317 | Lair:1   | Got a pair of blackened boots
 39419 | Lair:1   | Identified the +0 pair of boots "Yje Qod" {-Tele rN+ Dex+6
                  | SInv} (You found it on level 1 of the Lair of Beasts)
 39655 | Lair:2   | Killed Tali's ghost
 39759 | Lair:2   | Identified the Disquisition on Flying Displacement
 39763 | Lair:2   | Learned a level 1 spell: Apportation
 39813 | Lair:2   | Reached skill level 10 in Spellcasting
 39952 | Lair:2   | Found a staircase to the Swamp.
 39979 | Swamp:1  | Entered Level 1 of the Swamp
 39984 | Swamp:1  | Reached skill level 13 in Earth Magic
 40201 | Swamp:1  | Reached skill level 10 in Fighting
 40429 | Swamp:1  | Reached XP level 18. HP: 135/136 MP: 27/32
 40922 | Swamp:1  | Noticed Frances
 40941 | Swamp:1  | Killed Frances
 40941 | Swamp:1  | Reached skill level 11 in Spellcasting
 40953 | Swamp:1  | Reached skill level 11 in Fighting
 41262 | Swamp:2  | Got a crude wooden ring
 41428 | Swamp:2  | Found a runed translucent door.
 41430 | Swamp:2  | Noticed Ypsiuj's ghost (adept GnSk)
 41433 | Swamp:2  | Found the +11 plutonium sword {*Contam Stlth-}
 41530 | Swamp:2  | Killed Ypsiuj's ghost
 41540 | Swamp:2  | Got a masterwork scimitar
 42943 | Swamp:3  | Reached skill level 12 in Fighting
 43001 | Swamp:3  | Reached skill level 12 in Spellcasting
 43056 | Swamp:3  | Reached skill level 7 in Evocations
 43290 | Swamp:3  | Reached skill level 8 in Stealth
 44092 | Swamp:3  | Identified the ring of Ymurph {rC- AC+4 Str+3} (You found
                  | it on level 2 of the Swamp)
 44106 | Swamp:4  | Entered Level 4 of the Swamp
 44167 | Swamp:3  | Reached skill level 4 in Dodging
 44573 | Swamp:4  | HP: 7/182 [shambling mangrove (15)]
 44573 | Swamp:4  | Mangled by a shambling mangrove

Illustrated notes

Levels and vault maps discovered:
D:1:      minmay_arrival_doors, layout_basic
D:2:      layout_basic, grunt_decor_cap, st_stairs_4, fedhas_altar_2
D:3:      layout_loops_ring
D:4:      layout_rooms, first_ration, lemuel_tele_altar, uniq_natasha
D:5:      layout_rooms
D:6:      layout_basic, lemuel_doored_altar, enter_ossuary_5,
          kennysheep_generic_room_9, uniq_duvessa, uniq_maggie
D:7:      layout_loops_ring, minmay_temple_entry_crystal_x
D:8:      cheibrodos_barr_body, layout_basic, gammafunk_ghost_wrathful_warriors
D:9:      layout_gridville, lair_entry_dummy
D:10:     layout_long_grid, grunt_tengu_nest
D:11:     layout_basic, gauntlet_entry_generic, minivault_19, jiyva_altar_1
D:12:     layout_long_grid, orc_david_3,
          portal_ice_cave_entry_animals_and_master, serial_park_tiny_2,
          minivault_14
D:13:     layout_irregular_city, grunt_vaults_entry_tiered,
          chequers_serial_rivers_large_a, grunt_ministairs_15
D:14:     layout_irregular_city, solitary_fountain, minmay_joined_circles,
          uniq_roxanne
D:15:     grunt_enter_depths_snipers, layout_gridville,
          minmay_misc_feat_encased, serial_shops, nicolae_shop_crystal
Temple:   compressed_dpeg_triangle_lava_temple
Lair:1:   layout_chaotic_city, gammafunk_ghost_hydra_chop, lemuel_fruit_tree,
          grunt_megastairs_3, infiniplex_staircase_pool_2, serial_bayou_shore_b,
          serial_bayou_shore_b
Lair:2:   layout_hall_layers, palyth_hydra_swamp_entry, gammafunk_ghost_ooze,
          chequers_serial_rivers_micro_a
Lair:3:   layout_long_grid, spider_nest_entry_web_field, serial_bayou_shore_a,
          uniq_snorg
Lair:4:   layout_regular_city, nicolae_volcano_entry_vermiform,
          minmay_lair_drake_nest
Lair:5:   layout_cave_pods, dpeg_slime_entry_enclosed_altar, grunt_megastairs_5
Lair:6:   minmay_lair_end_frog_pond, layout_loops_ring, uniq_kirke
Swamp:1:  layout_falls_marsh, hangedman_swamp_cone, swamp_pool1,
          st_swamp_ruins_4, uniq_frances
Swamp:2:  nicolae_swamp_phyte_club, layout_basic_swamp, gammafunk_ghost_grave,
          hangedman_swamp_pad, swamp_pool4
Swamp:3:  layout_falls_marsh, serial_swamp_ruin, evilmike_swamp_ruin_house_1,
          evilmike_swamp_ruin_house_3, swamp_pool5, infiniplex_staircase_pool
Swamp:4:  swamp_basic_johnstein, layout_basic_swamp, gammafunk_ghost_grave,
          swamp_pool5
Spider:1: layout_spider_delve
Spider:2: layout_spider_delve, ebering_ghost_reflecting_pool, uniq_arachne
Orc:1:    minmay_goldmine, layout_caves, serial_shops, shop_statue, shop,
          lemuel_statue_altar
Orc:2:    st_orc_elflike, layout_caves

Skill      XL: |  1  2  3  4  5  6  7  8  9 10 11 12 13 14 15 16 17 18 |
---------------+-------------------------------------------------------+-----
Fighting       | 1 2 3 4 5 7 8 10 12 | 12.0
Maces & Flails | 1 2 3 |  3.1
Conjurations   | 1 2 3 4 |  4.0
Stealth        | 3 4 5 6 7 8 |  8.7
Short Blades   | 2 3 6 7 8 9 10 12 | 12.6
Armour         | 3 4 |  4.0
Evocations     | 3 5 6 7 |  7.7
Poison Magic   | 3 7 8 9 12 | 12.0
Shields        | 2 3 7 9 11 12 14 15 | 15.0
Air Magic      | 2 4 |  4.0
Spellcasting   | 3 4 7 8 9 10 12 | 12.0
Hexes          | 4 7 8 |  8.0
Earth Magic    | 2 6 9 11 13 | 13.0
Transmutations | 2 5 8 9 |  9.6
Dodging        | 2 3 4 |  4.2
Fire Magic     | |  3.0

Action                   |  1- 3 |  4- 6 |  7- 9 | 10-12 | 13-15 | 16-18 || total
-------------------------+-------+-------+-------+-------+-------+-------++-------
Melee: Unarmed           |     3 |       |       |       |       |       ||     3
       Whip              |    34 |    23 |       |       |       |       ||    57
       Short sword       |       |    78 |   473 |  1061 |  1964 |  2196 ||  5772
       Spear             |       |       |       |    44 |     1 |       ||    45
       Demon blade       |       |       |       |       |       |    22 ||    22
Throw: Dart              |       |    10 |    28 |    16 |       |       ||    54
       Boomerang         |       |       |       |    15 |    18 |       ||    33
 Cast: Foxfire           |    40 |   101 |       |       |       |       ||   141
       Poisonous Vapours |       |       |       |   150 |   107 |    57 ||   314
       Mephitic Cloud    |       |       |       |     8 |     8 |     4 ||    20
       Confusing Touch   |       |       |       |     3 |    74 |    29 ||   106
       Inner Flame       |       |       |       |     1 |    13 |     3 ||    17
       Olgreb's Toxic Ra |       |       |       |       |    41 |    45 ||    86
       Petrify           |       |       |       |       |     4 |     2 ||     6
       Statue Form       |       |       |       |       |       |    38 ||    38
Invok: Lunge             |       |       |       |    24 |   108 |    85 ||   217
       Whirlwind         |       |       |       |     5 |   329 |   274 ||   608
       Serpent's Lash    |       |       |       |       |    10 |    12 ||    22
       Heavenly Storm    |       |       |       |       |     1 |       ||     1
 Abil: Dig               |       |     6 |     2 |     7 |    11 |     4 ||    30
       Wall Jump         |       |       |       |       |     1 |       ||     1
Evoke: Wand              |       |       |     6 |       |    17 |     5 ||    28
       Phantom mirror    |       |       |       |     1 |       |     1 ||     2
       Tin of tremorston |       |       |       |       |     3 |     4 ||     7
       Lightning rod     |       |       |       |       |       |     9 ||     9
       Box of beasts     |       |       |       |       |       |     1 ||     1
  Use: Scroll            |       |     2 |     4 |    10 |    21 |    13 ||    50
       Potion            |       |     1 |     2 |     1 |     2 |     1 ||     7
 Stab: Sleeping          |     2 |     1 |     5 |     9 |    14 |    33 ||    64
       Paralysed         |       |       |     4 |       |     2 |       ||     6
       Distracted        |       |       |       |     2 |       |     2 ||     4
       Confused          |       |       |       |    12 |    89 |    39 ||   140
       Petrified         |       |       |       |       |     1 |     2 ||     3
  Eat: Chunk             |     3 |    11 |     3 |    24 |    43 |    31 ||   115
       Ration            |       |     1 |     2 |     6 |     4 |    11 ||    24
Armor: Robe              |    10 |    23 |       |       |       |       ||    33
       Ring mail         |       |     1 |   133 |    12 |       |   106 ||   252
       Leather armour    |       |       |       |   188 |   147 |       ||   335
       Scale mail        |       |       |       |       |    25 |    15 ||    40
       Skin              |       |       |       |       |       |   477 ||   477
Dodge: Dodged            |    26 |    70 |   161 |   329 |   176 |   710 ||  1472
Block: Other             |     2 |    32 |   102 |    11 |       |       ||   147
       Reflection        |       |     1 |     2 |     6 |    28 |    36 ||    73
       Buckler           |       |       |       |   245 |       |       ||   245
       Kite shield       |       |       |       |   132 |   222 |       ||   354
       Tower shield      |       |       |       |       |   683 |  2026 ||  2709
